 Dungeon Crawl Stone Soup version 0.18.1-48-g4cf74bf (webtiles) character file.

43 Gargoyl the Skirmisher (level 3, -2/29 HPs)
             Began as a Demonspawn Abyssal Knight on July 5, 2016.
             Was a Believer of Lugonu.
             Slain by a gnoll (4 damage)
             ... on level 2 of the Dungeon.
             The game lasted 00:03:35 (1620 turns).

Gargoyl the Skirmisher (Demonspawn Abyssal Knight)  Turns: 1620, Time: 00:03:35

Health: -2/29      AC: 13    Str: 13    XL:     3   Next: 37%
Magic:  5/5        EV:  8    Int: 18    God:    Lugonu [**....]
Gold:   63         SH:  0    Dex: 17    Spells: 0 memorised, 2 levels left

rFire  . . .     SeeInvis .     a - +1 hand axe
rCold  . . .     Gourm    .     s - +0 chain mail
rNeg   . . .     Faith    .     (no shield)
rPois  .         Spirit   .     (no helmet)
rElec  .         Dismiss  .     q - +0 cloak (curse)
rCorr  .         Reflect  .     (no gloves)
SustAt .         Harm     .     d - +2 pair of boots
MR     .....                    (no amulet)
Stlth  ..........               (no ring)
                                i - +5 ring of dexterity

@: brilliant, not resistant to hostile enchantments, extremely unstealthy
A: repulsion field 1
a: Depart the Abyss, Bend Space, Renounce Religion


You were on level 2 of the Dungeon.
You worshipped Lugonu.
Lugonu was pleased with you.
You were not hungry.

You visited 1 branch of the dungeon, and saw 2 of its levels.
You visited the Abyss 1 time.

You collected 63 gold pieces.

Inventory:

Hand Weapons
 a - a +1 hand axe (weapon)
Armour
 d - a +2 pair of boots (worn)
 q - a cursed +0 cloak (worn)
 s - a +0 chain mail (worn)
Jewellery
 i - a +5 ring of dexterity (left hand)
Scrolls
 g - 5 scrolls of teleportation {unknown}
 l - a scroll of recharging {unknown}
 m - a scroll of noise {unknown}
 n - 2 scrolls of identify {unknown}
 o - a scroll of random uselessness {unknown}
 p - a scroll of remove curse {unknown}
Potions
 h - a potion of curing {unknown}
 k - a potion of heal wounds {unknown}
Books
 e - a book of Callings

   Spells                             Type                      Level
   a - Summon Small Mammal            Summoning                    1
   b - Call Imp                       Summoning                    2
   c - Call Canine Familiar           Summoning                    3
   d - Summon Guardian Golem          Hexes/Summoning              3
   e - Summon Lightning Spire         Summoning/Air                4
   f - Summon Ice Beast               Ice/Summoning                4
Comestibles
 c - a bread ration
 f - a meat ration
 j - a royal jelly


   Skills:
 + Level 3.5 Fighting
 + Level 1.9 Axes
 * Level 2.4 Armour
 + Level 1.3 Dodging
 + Level 2.8 Invocations


You had 2 spell levels left.
You didn't know any spells.

Dungeon Overview and Level Annotations

Branches:
Dungeon (2/15)

Altars:
Xom


Innate Abilities, Weirdness & Mutations

You are surrounded by a mild repulsion field (EV +2).


Message History

You hit the gnoll but do no damage.
The gnoll is severely wounded.
You barely miss the gnoll. The gnoll hits you.
The gnoll hits you but does no damage. The gnoll closely misses you.
The gnoll barely misses you. The gnoll hits you.
* * * LOW HITPOINT WARNING * * *
You closely miss the gnoll.
The gnoll is moderately wounded.
You hit the gnoll.
The gnoll is almost dead.
You hit the gnoll.
The gnoll is lightly wounded.
The gnoll hits you but does no damage. The gnoll hits you.
* * * LOW HITPOINT WARNING * * *
The gnoll hits you but does no damage. x2
Drink which item? (? for menu, Esc to quit)
It was a potion of brilliance.
You feel clever all of a sudden. The gnoll hits you but does no damage.
The gnoll hits you.
You die...

#.# #.# ### #.# ..#
#.# #.# #.# #.# #.# #
##.## #.#
#$########...#####.#
#gg@..........(....#
#..hgg.#.###.#.##.####
#.####.#.# ##.###..#
l. #.#.# ### ##.# #
#.#.# ######)### #.#.#
###≈..≈†).#
#.#.###⌠≈#..##≈##
#.#.##..≈..≈...≈≈
#.##⌠.≈......


You could see 4 gnolls, a giant gecko (wandering) and a jackal.

Vanquished Creatures
  A giant gecko (D:1)
  4 giant cockroaches
  6 goblins
  3 hobgoblins
  3 jackals (D:2)
  9 kobolds
  7 bats
  2 giant newts (D:2)
  4 rats (D:1)
39 creatures vanquished.

Vanquished Creatures (others)
  A lurking horror (Abyss:3)
1 creature vanquished.

Grand Total: 40 creatures vanquished

Notes
Turn   | Place    | Note
--------------------------------------------------------------
     0 | Abyss:1  | Gargoyl the Demonspawn Abyssal Knight began the quest for the Orb.
     0 | Abyss:1  | Reached XP level 1. HP: 18/18 MP: 2/2
    22 | Abyss:3  | Noticed a large abomination
    23 | Abyss:3  | Noticed a starcursed mass
    25 | D:1      | Escaped the Abyss
    34 | D:1      | Reached * piety under Lugonu
   461 | D:1      | Gained mutation: You are surrounded by a mild repulsion field (EV +2). [demonic ancestry]
   461 | D:1      | Reached XP level 2. HP: 23/24 MP: 4/4
   755 | D:1      | Reached skill level 1 in Dodging
  1364 | D:2      | Reached XP level 3. HP: 29/29 MP: 5/5
  1459 | D:2      | Reached ** piety under Lugonu
  1557 | D:2      | Found a shimmering altar of Xom.
  1620 | D:2      | Slain by a gnoll

Skill      XL: |  1  2 |
---------------+-------+-----
Armour         | 2 |  2.4
Dodging        | 1 |  1.3
Fighting       | |  3.5
Axes           | |  1.9
Invocations    | |  2.8

Action                   || total
-------------------------++-------
Melee: Hand axe          ||   134
Invok: Depart the Abyss  ||     1
  Use: Potion            ||     1
 Stab: Sleeping          ||     1
  Eat: Chunk             ||     3
Armor: Leather armour    ||    68
       Chain mail        ||    16
Dodge: Dodged            ||   120
